 Dungeon Crawl Stone Soup version 0.29.0-4-gdea44cf6ec (webtiles) character file.

Game seed: 2904995950572551242

171 qw the Chopper (level 5, 0/30 HPs)
             Began as a Tengu Warper on Aug 28, 2022.
             Slain by a gnoll
             ... wielding a +0 spear
              (3 damage)
             ... on level 3 of the Dungeon.
             The game lasted 00:00:18 (2881 turns).

qw the Chopper (Tengu Warper)                       Turns: 2881, Time: 00:00:18

Health: 0/30       AC:  6    Str: 13    XL:     5   Next: 51%
Magic:  9/9        EV: 13    Int: 14    God:
Gold:   175        SH:  0    Dex: 13    Spells: 8/8 levels left

rFire   . . .      SeeInvis .   Y - +0 hand axe
rCold   . . .      Faith    .   (no shield)
rNeg    . . .      Spirit   .   i - +0 ring mail
rPois   .          Reflect  .   (helmet restricted)
rElec   .          Harm     .   (no cloak)
rCorr   .          Rampage  .   h - +0 pair of gloves
Will    .....                   (boots unavailable)
Stlth   +.........              (no amulet)
HPRegen 0.10/turn               (no ring)
MPRegen 0.11/turn               (no ring)

@: flying quickly and evasively, quick
A: beak, talons 3, nimble flight
a: no special abilities


You were on level 3 of the Dungeon.
You visited 1 branch of the dungeon, and saw 3 of its levels.

You collected 175 gold pieces.


Innate Abilities, Weirdness & Mutations

You have a beak for a mouth.
You have claws for feet.
Your magical nature lets you fly swiftly and evasively.


   Skills:
 - Level 2.0 Fighting
 + Level 6.1 Axes
 - Level 1.0 Throwing
 - Level 1.1 Armour
 - Level 2.1 Dodging
 - Level 2.0 Spellcasting
 - Level 2.4 Translocations


You had 8 spell levels left.
You didn't know any spells.
Your spell library contained the following spells:

 Spells                   Type           Power      Damage    Failure   Level
 Blink                    Tloc           16%        N/A       28%         2
 Gell's Gravitas          Tloc           8%         N/A       50%         3
 Lesser Beckoning         Tloc           8%         N/A       50%         3
 Teleport Other           Tloc           8%         N/A       50%         3
 Manifold Assault         Tloc           8%         N/A       99%         5

Inventory:

Hand Weapons
 d - a +0 whip
 Y - a +0 hand axe (weapon)
Armour
 b - a +0 buckler
 f - a scarf of shadows
 h - a +0 pair of gloves (worn)
 i - a +0 ring mail (worn)
Scrolls
 a - 4 scrolls of identify
 c - a scroll of silence {unknown}
 g - a scroll of amnesia {unknown}
Potions
 j - a potion of curing
 k - a potion of might

Dungeon Overview and Level Annotations

Branches:
Dungeon (3/15)

Altars:

Shops:
D:1 :


Message History

The gnoll hits you from afar with a +0 spear. x2
2872 ||| DRINKING potion of heal wounds.
You feel much better. The ball python barely misses you.
The ball python constricts you. The gnoll hits you but does no damage.
The gnoll misses you.
The gnoll hits you from afar with a +0 spear.
You hit the ball python.
You kill the ball python!
You barely miss the gnoll. The gnoll misses you. The gnoll closely misses you.
The gnoll misses you.
You completely miss the gnoll. You peck the gnoll.
The gnoll is almost dead.
The gnoll hits you from afar with a +0 spear.
The gnoll barely misses you. The gnoll completely misses you.
You hit the gnoll.
You kill the gnoll!
The gnoll misses you. The gnoll barely misses you.
Your Axes skill increases to level 6!
You see here a +0 whip.
You hit the gnoll but do no damage. You claw the gnoll.
Your peck misses the gnoll.
The gnoll is moderately wounded.
You barely miss the gnoll. The gnoll hits you with a +0 spear!
The gnoll closely misses you.
You barely miss the gnoll. You claw the gnoll.
You peck the gnoll, but do no damage.
The gnoll is heavily wounded.
You closely miss the gnoll. The gnoll closely misses you.
The gnoll hits you with a +0 spear.
You slash the gnoll! You claw the gnoll.
You kill the gnoll!
You barely miss the gnoll. The gnoll hits you with a +0 spear.
You hit the gnoll. You claw the gnoll.
The gnoll is heavily wounded.
The gnoll completely misses you.
You hit the gnoll. Your kick misses the gnoll. You peck the gnoll.
The gnoll is almost dead.
The gnoll hits you with a +0 spear.
You die...

#..#......####
..####..#......#
#...##..#......#
#...##..########
#...##..# #######
#...##..# #......
+...+...#####.....[
..####...###............
......)@............%###
##....g)#####........# #
........# #........# #
........# #........# #
...###### ########## #
.. # . #


You could see a gnoll.

Vanquished Creatures
  Natasha (D:3)
  4 adders
  3 gnolls (D:3)
  4 dart slugs (D:1)
  A worm (D:2)
  4 orcs (D:3)
  4 bats
  11 endoplasms
  4 giant cockroaches (D:1)
  7 goblins
  3 hobgoblins
  5 kobolds
  3 quokkas
  7 ball pythons
  3 frilled lizards
  4 rats
68 creatures vanquished.

Notes
Turn   | Place    | Note
-------+----------+-------------------------------------------
     0 | D:1      | qw the Tengu Warper began the quest for the Orb.
     0 | D:1      | Reached XP level 1. HP: 12/12 MP: 4/4
     0 | D:1      | 0 ||| qw: Version: 0.1-a-89-g26bdef1
     0 | D:1      | 0 ||| qw: Game counter: 2114
     0 | D:1      | 0 ||| qw: Always use a shield: true
     0 | D:1      | 0 ||| qw: God list: Okawaru
     0 | D:1      | 0 ||| qw: Allow faded altars: false
     0 | D:1      | 0 ||| qw: Do Orc after D:15 true
     0 | D:1      | 0 ||| qw: Do second Lair branch before Depths: true
     0 | D:1      | 0 ||| qw: Lair rune preference: random
     0 | D:1      | 0 ||| qw: Plans: Normal
     0 | D:1      | 0 ||| PLANNING D:1-11
    43 | D:1      | Found a faded altar of an unknown god.
    90 | D:1      | Found Pozuel's Vocational Training.
   267 | D:1      | Reached skill level 3 in Axes
   267 | D:1      | Reached XP level 2. HP: 15/17 MP: 6/6
   369 | D:1      | 369 ||| Stepping ~*~*~tactically~*~*~ (stealth).
   371 | D:1      | 371 ||| Stepping ~*~*~tactically~*~*~ (stealth).
   373 | D:1      | 373 ||| Stepping ~*~*~tactically~*~*~ (stealth).
   425 | D:1      | 425 ||| Stepping ~*~*~tactically~*~*~ (stealth).
   734 | D:1      | Reached XP level 3. HP: 18/21 MP: 7/7
   905 | D:1      | 905 ||| Stepping ~*~*~tactically~*~*~ (stealth).
   907 | D:1      | 907 ||| Stepping ~*~*~tactically~*~*~ (stealth).
   910 | D:1      | 910 ||| Stepping ~*~*~tactically~*~*~ (stealth).
   912 | D:1      | 912 ||| Stepping ~*~*~tactically~*~*~ (stealth).
   958 | D:1      | Reached skill level 4 in Axes
  1116 | D:1      | 1116 ||| Stepping ~*~*~tactically~*~*~ (hiding).
  1536 | D:1      | 1536 ||| UPGRADING to +0 pair of gloves.
  1541 | D:1      | 1541 ||| UPGRADING to +0 ring mail.
  1551 | D:1      | 1551 ||| DROPPING +0 leather armour.
  1552 | D:1      | 1552 ||| READING scroll labelled SIEFAEHANA.
  1553 | D:1      | 1553 ||| READING scroll labelled ZACVOP WIURAPN.
  1554 | D:1      | 1554 ||| DRINKING 2 bubbling cyan potions.
  1555 | D:1      | 1555 ||| DRINKING 2 cyan potions.
  1556 | D:1      | 1556 ||| DROPPING scroll of blinking.
  1644 | D:2      | Reached XP level 4. HP: 18/26 MP: 8/8
  1824 | D:2      | 1824 ||| FLEEEEING.
  1831 | D:2      | 1831 ||| STAIRDANCE
  2004 | D:2      | 2004 ||| Stepping ~*~*~tactically~*~*~ (stealth).
  2009 | D:2      | 2009 ||| Stepping ~*~*~tactically~*~*~ (stealth).
  2011 | D:2      | Reached skill level 5 in Axes
  2211 | D:2      | 2211 ||| READING scroll labelled YDDEID WEYPTOCW.
  2214 | D:2      | 2214 ||| READING 2 scrolls labelled SUIDAPTU CORPHI.
  2215 | D:2      | 2215 ||| READING 6 scrolls of identify.
  2215 | D:2      | 2215 ||| IDENTIFYING dark potion
  2216 | D:2      | 2216 ||| READING 5 scrolls of identify.
  2216 | D:2      | 2216 ||| IDENTIFYING green potion
  2217 | D:2      | 2217 ||| DROPPING scroll of noise.
  2218 | D:2      | 2218 ||| DROPPING potion of degeneration.
  2497 | D:3      | Noticed Natasha
  2498 | D:3      | 2498 ||| Stepping ~*~*~tactically~*~*~ (hiding).
  2512 | D:3      | Killed Natasha
  2513 | D:3      | Gained mutation: Your magical nature lets you fly swiftly
                  | and evasively. [Tengu growth]
  2513 | D:3      | Reached XP level 5. HP: 10/30 MP: 9/9
  2871 | D:3      | HP: 7/30 [gnoll/+0 spear (3)]
  2872 | D:3      | 2872 ||| DRINKING potion of heal wounds.
  2876 | D:3      | Reached skill level 6 in Axes
  2877 | D:3      | HP: 6/30 [gnoll/+0 spear (8)]
  2881 | D:3      | Slain by a gnoll

Levels and vault maps discovered:
D:1:      wheals_arrival_linesprint, layout_basic,
          ebering_ecumenical_altar_abandoned, minmay_misc_feat_tiny,
          serial_bayou_pond_b, grunt_decor_fettered, nicolae_shop_vocational
D:2:      layout_rooms
D:3:      layout_basic, gammafunk_temple_overflow_elements,
          corexii_hall_statues_x, uniq_ijyb, uniq_natasha

Skill      XL: |  1  2  3  4  5 |
---------------+----------------+-----
Axes           | 3 4 5 6 |  6.1
Fighting       | |  2.0
Throwing       | |  1.0
Armour         | |  1.1
Dodging        | |  2.1
Spellcasting   | |  2.0
Translocations | |  2.4

Action                   |  1- 3 |  4- 6 || total
-------------------------+-------+-------++-------
Melee: Hand axe          |    77 |    70 ||   147
       Kick              |    15 |    22 ||    37
       Peck              |     8 |    11 ||    19
       Punch             |       |     2 ||     2
Throw: Boomerang         |     7 |       ||     7
  Use: Scroll            |     2 |     4 ||     6
       Potion            |     2 |     1 ||     3
Armor: Leather armour    |     8 |       ||     8
       Ring mail         |     3 |    14 ||    17
Dodge: Dodged            |    32 |    49 ||    81

Table legend:
 A = Non-vault XP
 B = Vault XP
 C = Vault XP percentage of total XP
 D = Non-vault monster count
 E = Vault monster count
 F = Vault count percentage of total count
                 A         B        C        D         E       F
            +---------+---------+-------+---------+---------+-------
      Total |     206 |      39 |  15.9 |      65 |       3 |   4.4
            +---------+---------+-------+---------+---------+-------
        D:1 |      59 |       4 |   6.3 |      31 |       2 |   6.1
        D:2 |      57 |       0 |   0.0 |      19 |       0 |   0.0
        D:3 |      90 |      35 |  28.0 |      15 |       1 |   6.2
            +---------+---------+-------+---------+---------+-------
